AoeStats
← ĐẠI ĐÔ ĐỐC MẠNH ĐẠT

Arabia

519926897Analyzed
1v1 RM · 5d ago on Nov 9, 2026· 24m 2s· 2 players
Game mode
Random Map
Map size
Tiny (2 player)
Population
200
Speed
Normal
Resources
Standard
Victory
Conquest
Starting age
Dark Age
Ending age
Imperial Age
RankedLock teamsTeams togetherTeam positionsShared explorationLock speedFull tech treeHidden civsTurbo modeCheats
Victory
Defeat
1801
+10
vs
🇺🇸 Burgundians · United States
1661
-10
ĐẠI ĐÔ ĐỐC MẠNH ĐẠT
6:09 Loom
8:51 Feudal Age
9:23 Double-Bit Axe
14:21 Fletching
15:06 Padded Archer Armor
23:51 Castle Age
22:39 Gold Mining
24:33 Bodkin Arrow
23:59 Elite Skirmisher
24:51 Bow Saw
El Toti
6:22 Loom
8:52 Feudal Age
7:19 Double-Bit Axe
10:29 Bow Saw
14:25 Fletching
23:17 Gold Mining
23:09 Horse Collar
Connection lost

Rejoining the realm…

Still unreachable

The connection could not be restored.

Session expired

The server has moved on; the page needs a fresh start.